Map: Tokamak LE

Players

SubN - Winner!

  • Race: Zerg Zerg
  • League: Diamond
  • Spawn Location: 1:00

Praetorian

  • Race: Zerg Zerg
  • League: Diamond
  • Spawn Location: 7:00

VOD

Have the link to the VOD?

Description

Time

  • Played on: July 30, 2025, 4:32 p.m.
  • Length: 3:08
Show
View Real Time Build Order
Export as new Build Order

SubN Zerg - Winner!

Build Orders: Pool First 

Get SALT Encoding   

  12  0:00  Drone  
  13  0:12  Drone  
  13  0:13  Extractor  
  13  0:28  Spawning Pool  
  12  0:58  Hatchery  
  11  1:22  Queen  
  13  1:33  Metabolic Boost  
  13  1:43  Overlord  
  13  1:54  Zergling x2  
  14  2:05  Zergling x4  
  16  2:12  Zergling x4  
  18  2:27  Zergling x6  
  21  2:36  Zergling x4  
  23  2:43  Zergling x2  
  24  2:46  Zergling x2  
  24  2:50  Zergling x2  
Show
View Real Time Build Order
Export as new Build Order

Praetorian Zerg 

Build Orders: Hatch First 

Get SALT Encoding   

  12  0:00  Drone  
  13  0:09  Drone  
  14  0:18  Overlord  
  14  0:37  Drone x3  
  17  0:56  Hatchery  
  16  0:59  Extractor  
  16  1:00  Drone  
  16  1:02  Drone  
  17  1:15  Drone  
  18  1:22  Spawning Pool  
  17  1:26  Drone  
  18  1:35  Drone  
  19  1:43  Drone  
  20  1:48  Extractor  
  20  1:52  Drone  
  21  2:04  Overlord  
  21  2:13  Queen  
  21  2:14  Drone  
  24  2:16  Drone, Queen  
  27  2:27  Drone  
  27  2:29  Drone  
  29  2:38  Overlord  
  29  2:41  Roach Warren  
  28  2:50  Zergling x2, Extractor  
Tags
 
Matchup
ZvZ
Race
Zerg
Replay Pack
Multiplayer
Spawn Locations
Cross Positions
Add a new tag
Caveats
  • Supply blocks, unpowered buildings, or Contaminate may cause inaccurate times.
  • Supply counts are checked every 10 seconds.